PAA
MYRTLE BEACH MERMEN @ RICHLAND RAILS
09/13/2022
 
TOP OF THE 1ST
Myrtle Beach Mermen batting - Pitching for Richland Rails : RHP Brian Morris
Pitching: RHP Brian Morris
Batting: RHB Matt Love 0-0: Foul Ball, location: 2F
0-1: Foul Ball, location: 2F
0-2: Foul Ball, location: 2F
0-2: Fly out, F8 (Flyball, 8RM)
Batting: LHB Arturo Acevedo 0-0: Ball
1-0: Foul Ball, location: 2F
1-1: Swinging Strike
1-2: Strikes out swinging
Batting: RHB Álex Rodríguez 0-0: Called Strike
0-1: Foul Ball, location: 2F
0-2: Fly out, F9 (Line Drive, 9LM)
Top of the 1st over - 0 run(s), 0 hit(s), 0 error(s), 0 left on base; Myrtle Beach 0 - Richland 0
BOTTOM OF THE 1ST
Richland Rails batting - Pitching for Myrtle Beach Mermen : RHP Juan Martínez
Pitching: RHP Juan Martínez
Batting: RHB Ramón Cruz 0-0: Called Strike
0-1: Ground out 3-1 (Groundball, 34S)
Batting: SHB Jasper Otto 0-0: Ball
1-0: Called Strike
1-1: Ball
2-1: Bunted foul
2-2: Foul Ball, location: 2F
2-2: Foul Ball, location: 2F
2-2: Foul Ball, location: 2F
2-2: Ball
3-2: Foul Ball, location: 2F
3-2: Ground out 6-3 (Groundball, 6)
Batting: RHB Brent Ryan 0-0: Called Strike
0-1: Ball
1-1: Ball
2-1: Foul Ball, location: 2F
2-2: Ground out 6-3 (Groundball, 6)
Bottom of the 1st over - 0 run(s), 0 hit(s), 0 error(s), 0 left on base; Myrtle Beach 0 - Richland 0
TOP OF THE 2ND
Myrtle Beach Mermen batting - Pitching for Richland Rails : RHP Brian Morris
Batting: RHB Alfredo López 0-0: SINGLE (Flyball, 8LS)
Batting: LHB Joe Cashmore 0-0: Foul Ball, location: 2F
0-1: Foul Ball, location: 2F
0-2: Ball
1-2: Ball
2-2: Foul Ball, location: 2F
2-2: Ball
3-2: Foul Ball, location: 2F
3-2: Fly out, F6 (Line Drive, 6)
Batting: RHB Javier Robles 0-0: Called Strike
0-1: Grounds into double play, 4-6-3 (Groundball, 4)
Top of the 2nd over - 0 run(s), 1 hit(s), 0 error(s), 0 left on base; Myrtle Beach 0 - Richland 0
BOTTOM OF THE 2ND
Richland Rails batting - Pitching for Myrtle Beach Mermen : RHP Juan Martínez
Batting: RHB Gustavo Berrios 0-0: Called Strike
0-1: Ball
1-1: Ball
2-1: Swinging Strike
2-2: Fly out, F3 (Popup, 3F)
Batting: RHB Jack Davis 0-0: Called Strike
0-1: Ball
1-1: Ground out 6-3 (Groundball, 6MS)
Batting: RHB Andrew Hall 0-0: Ball
1-0: Ball
2-0: Foul Ball, location: 2F
2-1: Called Strike
2-2: Strikes out looking
Bottom of the 2nd over - 0 run(s), 0 hit(s), 0 error(s), 0 left on base; Myrtle Beach 0 - Richland 0
TOP OF THE 3RD
Myrtle Beach Mermen batting - Pitching for Richland Rails : RHP Brian Morris
Batting: SHB Val Brown 0-0: Called Strike
0-1: Ball
1-1: Called Strike
1-2: Ball
2-2: Ball
3-2: Foul Ball, location: 2F
3-2: SINGLE (Groundball, 56D)
Batting: RHB António Ruíz 0-0: Ball
1-0: Called Strike
1-1: Swinging Strike
1-2: Foul Ball, location: 2F
1-2: Strikes out looking
Batting: RHB Jorge Reyes 0-0: Foul Ball, location: 2F
0-1: Foul Ball, location: 2F
0-2: Strikes out swinging
Batting: RHB Matt Love 0-0: Called Strike
0-1: Ball
1-1: Ball
2-1: Called Strike
2-2: Strikes out swinging passed ball, reaches first!
Val Brown to second
Batting: LHB Arturo Acevedo 0-0: Called Strike
0-1: DOUBLE (Line Drive, 7LS)
Val Brown scores
Matt Love to third
Runner from 3rd tries for Home, SAFE, no throw or cutoff
Batting: RHB Álex Rodríguez 0-0: Ball
1-0: Fly out, F7 (Flyball, 7LM)
Top of the 3rd over - 2 run(s), 2 hit(s), 0 error(s), 1 left on base; Myrtle Beach 2 - Richland 0
BOTTOM OF THE 3RD
Richland Rails batting - Pitching for Myrtle Beach Mermen : RHP Juan Martínez
Batting: RHB Larry Brown 0-0: Called Strike
0-1: Ball
1-1: Swinging Strike
1-2: SINGLE (Line Drive, 8LS)
Batting: RHB Kazu Hishida 0-0: Foul Ball, location: 2F
0-1: Ground out 4-3 (Groundball, 4S)
Larry Brown to second
Batting: RHB Júlio Hernández 0-0: Ball
1-0: Fly out, F5 (Line Drive, 56)
Batting: RHB Ramón Cruz 0-0: Called Strike
0-1: Ball
1-1: Ball
2-1: Called Strike
2-2: SINGLE (Flyball, 8LS)
Larry Brown to third
Runner from 3rd tries for Home, SAFE, no throw or cutoff
Batting: SHB Jasper Otto 0-0: Ball
1-0: Foul Ball, location: 2F
1-1: Swinging Strike
1-2: Ball
2-2: Ball
3-2: Foul Ball, location: 2F
3-2: Base on Balls
Ramón Cruz to second
Batting: RHB Brent Ryan 0-0: Foul Ball, location: 2F
0-1: SINGLE (Line Drive, 8LS)
Ramón Cruz to third
Jasper Otto to second
Runner from 3rd tries for Home, SAFE, no throw or cutoff
Batting: RHB Gustavo Berrios 0-0: Swinging Strike
0-1: Ball
1-1: Foul Ball, location: 2F
1-2: Fielders Choice at 2nd, 5-4 (Groundball, 56)
Bottom of the 3rd over - 2 run(s), 3 hit(s), 0 error(s), 1 left on base; Myrtle Beach 2 - Richland 2
TOP OF THE 4TH
Myrtle Beach Mermen batting - Pitching for Richland Rails : RHP Brian Morris
Batting: RHB Alfredo López 0-0: Ball
1-0: Called Strike
1-1: Foul Ball, location: 2F
1-2: Ground out 6-3 (Groundball, 6M)
Batting: LHB Joe Cashmore 0-0: Called Strike
0-1: Fly out, F9 (Line Drive, 89M)
Batting: RHB Javier Robles 0-0: Swinging Strike
0-1: Ball
1-1: Ball
2-1: Ground out 6-3 (Groundball, 6M)
Top of the 4th over - 0 run(s), 0 hit(s), 0 error(s), 0 left on base; Myrtle Beach 2 - Richland 2
BOTTOM OF THE 4TH
Richland Rails batting - Pitching for Myrtle Beach Mermen : RHP Juan Martínez
Batting: RHB Jack Davis 0-0: Swinging Strike
0-1: Swinging Strike
0-2: Ball
1-2: Foul Ball, location: 2F
1-2: Ball
2-2: Foul Ball, location: 2F
2-2: Ball
3-2: Strikes out swinging
Batting: RHB Andrew Hall 0-0: Ball
1-0: Foul Ball, location: 2F
1-1: Fly out, F7 (Line Drive, 7S)
Batting: RHB Larry Brown 0-0: Called Strike
0-1: Ball
1-1: Ball
2-1: Ground out 5-3 (Groundball, 56S)
Bottom of the 4th over - 0 run(s), 0 hit(s), 0 error(s), 0 left on base; Myrtle Beach 2 - Richland 2
TOP OF THE 5TH
Myrtle Beach Mermen batting - Pitching for Richland Rails : RHP Brian Morris
Batting: SHB Val Brown 0-0: Fly out, F5 (Popup, 5F)
Batting: RHB António Ruíz 0-0: Ball
1-0: Ball
2-0: Called Strike
2-1: Foul Ball, location: 2F
2-2: Fly out, F9 (Line Drive, 9LM)
Batting: RHB Jorge Reyes 0-0: Foul Ball, location: 2F
0-1: Fly out, F7 (Flyball, 78M)
Top of the 5th over - 0 run(s), 0 hit(s), 0 error(s), 0 left on base; Myrtle Beach 2 - Richland 2
BOTTOM OF THE 5TH
Richland Rails batting - Pitching for Myrtle Beach Mermen : RHP Juan Martínez
Batting: RHB Kazu Hishida 0-0: Called Strike
0-1: Ball
1-1: Ball
2-1: Ball
3-1: Called Strike
3-2: Strikes out looking
Batting: RHB Júlio Hernández 0-0: Swinging Strike
0-1: Ball
1-1: SINGLE (Groundball, 56)
Batting: RHB Ramón Cruz 0-0: Ball
Júlio Hernández steals 2nd base
1-0: SINGLE (Groundball, 56D)
Júlio Hernández to third
Runner from 3rd tries for Home, SAFE, no throw or cutoff
Batting: SHB Jasper Otto 0-0: Ball
1-0: Grounds into double play, 4-6-3 (Groundball, 4)
Bottom of the 5th over - 1 run(s), 2 hit(s), 0 error(s), 0 left on base; Myrtle Beach 2 - Richland 3
TOP OF THE 6TH
Myrtle Beach Mermen batting - Pitching for Richland Rails : RHP Brian Morris
Batting: RHB Matt Love 0-0: Foul Ball, location: 2F
0-1: Ball
1-1: Swinging Strike
1-2: Strikes out swinging
Batting: LHB Arturo Acevedo 0-0: Called Strike
0-1: Foul Ball, location: 2F
0-2: Foul Ball, location: 2F
0-2: Fly out, F5 (Popup, 56S)
Batting: RHB Álex Rodríguez 0-0: Called Strike
0-1: Ground out 4-3 (Groundball, 4MS)
Top of the 6th over - 0 run(s), 0 hit(s), 0 error(s), 0 left on base; Myrtle Beach 2 - Richland 3
BOTTOM OF THE 6TH
Richland Rails batting - Pitching for Myrtle Beach Mermen : RHP Juan Martínez
Batting: RHB Brent Ryan 0-0: Ball
1-0: Foul Ball, location: 2F
1-1: Swinging Strike
1-2: Ball
2-2: Ball
3-2: Base on Balls
Batting: RHB Gustavo Berrios 0-0: Called Strike
0-1: Foul Ball, location: 2F
0-2: Ball
1-2: Fly out, F8 (Flyball, 89D)
Runner from 1st tags up, SAFE at 2nd
Batting: RHB Jack Davis 0-0: Foul Ball, location: 2F
0-1: Foul Ball, location: 2F
0-2: Ball
1-2: Ground out 6-3 (Groundball, 6)
Batting: RHB Andrew Hall 0-0: Called Strike
0-1: Ball
1-1: Ball
2-1: Swinging Strike
2-2: Strikes out looking
Bottom of the 6th over - 0 run(s), 0 hit(s), 0 error(s), 1 left on base; Myrtle Beach 2 - Richland 3
TOP OF THE 7TH
Myrtle Beach Mermen batting - Pitching for Richland Rails : RHP Brian Morris
Batting: RHB Alfredo López 0-0: Foul Ball, location: 2F
0-1: Ball
1-1: Ball
2-1: Foul Ball, location: 2F
2-2: Strikes out looking
Batting: LHB Joe Cashmore 0-0: Fly out, F7 (Flyball, 7LMF)
Batting: RHB Javier Robles 0-0: Ball
1-0: Called Strike
1-1: Called Strike
1-2: Foul Ball, location: 2F
1-2: Strikes out looking
Top of the 7th over - 0 run(s), 0 hit(s), 0 error(s), 0 left on base; Myrtle Beach 2 - Richland 3
BOTTOM OF THE 7TH
Richland Rails batting - Pitching for Myrtle Beach Mermen : RHP Juan Martínez
Batting: RHB Larry Brown 0-0: Called Strike
0-1: Ball
1-1: Ball
2-1: Ball
3-1: Base on Balls
Batting: RHB Kazu Hishida 0-0: Reached on error, E5 (Groundball, 56S)
Larry Brown to second
Batting: RHB Júlio Hernández 0-0: Sac Bunt - play at first, batter OUT! 5-4
Larry Brown to third
Kazu Hishida to second
Pinch Hitting: LHB Ramón Félix 0-0: Ball
1-0: Called Strike
1-1: SINGLE (Line Drive, 34)
Larry Brown scores
Kazu Hishida to third
Runner from 3rd tries for Home, SAFE, throw made home
Batting: SHB Jasper Otto 0-0: Called Strike
0-1: Foul Ball, location: 2F
0-2: Foul Ball, location: 2F
0-2: Strikes out looking
Batting: RHB Brent Ryan 0-0: Called Strike
0-1: Ball
1-1: Ball
2-1: Ball
3-1: Called Strike
3-2: Base on Balls
Ramón Félix to second
Pitching: LHP Jonathon Baker
Batting: RHB Gustavo Berrios 0-0: Called Strike
0-1: SINGLE (Line Drive, 7S)
Ramón Félix to third
Brent Ryan to second
Batting: RHB Jack Davis 0-0: Ground out 3-1 (Groundball, 34)
Bottom of the 7th over - 2 run(s), 2 hit(s), 1 error(s), 3 left on base; Myrtle Beach 2 - Richland 5
TOP OF THE 8TH
Myrtle Beach Mermen batting - Pitching for Richland Rails : RHP Brian Morris
Pitching: RHP Jim Unknown
Now at SS: Shelby Reusch
Now in CF: Bernardo Cruz
Batting: SHB Val Brown 0-0: Called Strike
0-1: Foul Ball, location: 2F
0-2: Ball
1-2: Ball
2-2: Reached on error, E6 (Groundball, 6)
Batting: RHB António Ruíz 0-0: Foul Ball, location: 2F
0-1: Ball
1-1: Ball
2-1: Ground out U3 (Groundball, 3S)
Val Brown to second
Batting: RHB Jorge Reyes 0-0: Ball
1-0: Foul Ball, location: 2F
1-1: Foul Ball, location: 2F
1-2: Foul Ball, location: 2F
1-2: Ball
2-2: Strikes out looking
Batting: RHB Matt Love 0-0: Ball
1-0: Ball
2-0: Ball
3-0: Base on Balls
Batting: LHB Arturo Acevedo 0-0: Called Strike
0-1: Ball
1-1: Ground out 6-3 (Groundball, 6)
Top of the 8th over - 0 run(s), 0 hit(s), 1 error(s), 2 left on base; Myrtle Beach 2 - Richland 5
BOTTOM OF THE 8TH
Richland Rails batting - Pitching for Myrtle Beach Mermen : LHP Jonathon Baker
Batting: RHB Andrew Hall 0-0: Called Strike
0-1: SINGLE (Groundball, 56D)
Batting: RHB Larry Brown 0-0: Foul Ball, location: 2F
0-1: Ball
1-1: Ball
2-1: Grounds out, U3 (Groundball, 3L)
Batting: RHB Kazu Hishida 0-0: Intentional Walk
Batting: RHB Júlio Hernández 0-0: Called Strike
0-1: Fielders Choice at 2nd, 5-4 (Groundball, 56)
Andrew Hall to third
Batting: SHB Shelby Reusch 0-0: Ball
1-0: Ball
2-0: Ball
3-0: Base on Balls
Júlio Hernández to second
Batting: SHB Jasper Otto 0-0: Called Strike
0-1: Foul Ball, location: 2F
0-2: Foul Ball, location: 2F
0-2: Ball
1-2: Ball
2-2: Strikes out swinging
Bottom of the 8th over - 0 run(s), 1 hit(s), 0 error(s), 3 left on base; Myrtle Beach 2 - Richland 5
TOP OF THE 9TH
Myrtle Beach Mermen batting - Pitching for Richland Rails : RHP Jim Unknown
Batting: RHB Álex Rodríguez 0-0: Called Strike
0-1: Ground out 5-3 (Groundball, 5L)
Batting: RHB Alfredo López 0-0: Foul Ball, location: 2F
0-1: Ball
1-1: Called Strike
1-2: Ball
2-2: Ball
3-2: Strikes out swinging
Batting: LHB Joe Cashmore 0-0: Ball
1-0: Swinging Strike
1-1: Foul Ball, location: 2F
1-2: Strikes out swinging
Top of the 9th over - 0 run(s), 0 hit(s), 0 error(s), 0 left on base; Myrtle Beach 2 - Richland 5
This league is powered by Out of the Park Baseball, the baseball management simulation game for PC, Mac and Linux
Friday, April 15th, 2016 - OOTP Baseball 16.9 Build 39